cohdb
Replays
Latest Replays
All Replays
Popular Replays
Top Player Replays
Match Explorer
How It Works
Community
CoH3 Stats
Reddit
Sign in to upload your games and track your stats! →
Sign in with Steam
Match 48569253
Unlisted
Match 48569253
Overview
Messages
Build Orders
End
Selects Italian Combined Arms Battlegroup
Selects Bersaglieri Squad
Bersaglieri Squad
Kradschützen Motorcycle Team
Bersaglieri Squad
Panzergrenadier Squad
Construct Light Support Kompanie
Selects Bersaglieri Bolster
Fire Support Elements
Flakvierling Half-track
Vehicle Survival Package
Panzerpioneer Squad
Assault Mechanized Group
Panzerjäger Squad
Selects Breda Model 30 Light Machine Guns
Panzerjäger Squad
Selects Semovente da 75/18 Assault Gun
Selects Carro Armato M13/40 Light Tank
Carro Armato M13/40 Light Tank
Carro Armato M13/40 Light Tank
Tomsch
Angrybirds
AoL
pineapple the fruit dude
0
0
Comments
sign in to comment!
No comments posted yet!